 Dungeon Crawl Stone Soup version 0.23-a0-625-g1d2cd9b (console) character file.

14 Duffy the Magician (level 2, 0/15 HPs)
             Began as a Deep Elf Wizard on Dec 24, 2018.
             Slain by a jackal (3 damage)
             ... on level 3 of the Dungeon.
             The game lasted 00:01:09 (441 turns).

Duffy the Magician (Deep Elf Wizard)                 Turns: 441, Time: 00:01:09

Health: 0/15       AC:  2    Str:  4    XL:     2   Next: 31%
Magic:  0/9        EV: 13    Int: 22    God:
Gold:   0          SH:  0    Dex: 13    Spells: 9/10 levels left

rFire    + . .     SeeInvis .   c - scroll of identify {unknown}
rCold    x . .     Gourm    .   (no shield)
rNeg     . . .     Faith    .   a - +0 robe
rPois    .         Spirit   .   b - +0 hat
rElec    .         Reflect  .   (no cloak)
rCorr    .         Harm     .   (no gloves)
MR       .....                  (no boots)
Stlth    ++........             (no amulet)
HPRegen  0.05/turn              i - ring of fire
MPRegen  0.11/turn              (no ring)

@: very slightly contaminated
A: no striking features
a: no special abilities


You were on level 3 of the Dungeon.
You were not hungry.

You visited 1 branch of the dungeon, and saw 3 of its levels.

Inventory:

Armour
 a - a +0 robe (worn)
 b - a +0 hat (worn)
Jewellery
 i - a ring of fire (left hand)
Scrolls
 c - a scroll of identify (in hand) {unknown}
 h - a scroll of magic mapping {unknown}
Potions
 e - a potion of agility {unknown}
 g - 2 potions of curing {unknown}
Comestibles
 d - 2 rations


   Skills:
 - Level 2.4 Dodging
 - Level 2.4 Stealth
 + Level 4.9 Spellcasting
 + Level 2.0 Conjurations
   Level 1.1 Summonings
   Level 1.1 Translocations


You had 9 spell levels left.
You knew the following spells:

 Your Spells              Type           Power        Failure   Level  Hunger
h - Magic Dart            Conj           ##..         4%          1    None

Your spell library contained the following spells:

 Spells                   Type           Power        Failure   Level  Hunger
 Blink                    Tloc           N/A          10%         2    None
 Call Imp                 Summ           ##......     10%         2    None
 Slow                     Hex            #.......     16%         2    None
 Conjure Flame            Conj/Fire      ##......     21%         3    ##.....
 Mephitic Cloud           Conj/Pois/Air  #.......     22%         3    ##.....


Dungeon Overview and Level Annotations

Branches:
Dungeon (3/15)

Altars:
Trog

Annotations:
D:3 1 runed door


Message History

You don't have enough magic to cast that spell.
The jackal barely misses you. The jackal closely misses you.
The orc jeers repeatedly, as Orcs often do.
The jackal bites you.
Found a mace.
Found a runed door.
You see here a mace.
The jackal bites you.
Casting: Magic Dart (safe; 4% risk of failure)
Confirm with . or Enter, or press ? or * to list all spells.
Aiming: Magic Dart (safe; 4% risk of failure)
Press: ? - help, Shift-Dir - straight line, f/p - jackal
Aim: a jackal The magic dart hits the jackal.
The jackal bites you.
Really attack while wielding your scroll labeled SESKURU ZAROPAB? [Y]es or [N]o only, please.
Really attack while wielding your scroll labeled SESKURU ZAROPAB?
You clumsily bash the jackal but do no damage.
The jackal bites you.
You die...

........#
.o...##.##
.... #..# ###
##.# #%# #.##
77##..# #77
77.#...#
+@7777......#
#7ho7......##
777.7).#.##
77777###


You could see an orc and a jackal.

Vanquished Creatures
  2 bats
  A giant cockroach (D:1)
  3 goblins (D:1)
  3 hobgoblins
  2 kobolds
  A rat (D:3)
12 creatures vanquished.

Notes
Turn   | Place    | Note
-------+----------+-------------------------------------------
     0 | D:1      | Duffy the Deep Elf Wizard began the quest for the Orb.
     0 | D:1      | Reached XP level 1. HP: 10/10 MP: 7/7
   282 | D:1      | Reached XP level 2. HP: 15/15 MP: 6/9
   314 | D:1      | You fall through a shaft!
   341 | D:2      | Found a bloodstained altar of Trog.
   436 | D:3      | Found a runed door.
   441 | D:3      | Slain by a jackal

Vault maps used:
D:1:      dpeg_arrival_brainrot
D:2:      bloody_trog, grunt_ministairs_8
D:3:      wad_river_or_something, uniq_crazy_yiuf_cottage

Skill      XL: |  1  2 |
---------------+-------+-----
Conjurations   | 2 |  2.0
Dodging        | |  2.4
Stealth        | |  2.4
Spellcasting   | |  4.9
Summonings     | |  1.1
Translocations | |  1.1

Action                   || total
-------------------------++-------
 Cast: Magic Dart        ||    39
Armor: Robe              ||     9
Dodge: Dodged            ||    26

Table legend:
 A = Non-vault XP
 B = Vault XP
 C = Vault XP percentage of total XP
 D = Non-vault monster count
 E = Vault monster count
 F = Vault count percentage of total count
                 A         B        C        D         E       F
            +---------+---------+-------+---------+---------+-------
      Total |      19 |       2 |   9.5 |      11 |       1 |   8.3
            +---------+---------+-------+---------+---------+-------
        D:1 |      13 |       0 |   0.0 |       7 |       0 |   0.0
        D:2 |       3 |       0 |   0.0 |       2 |       0 |   0.0
        D:3 |       3 |       2 |  40.0 |       2 |       1 |  33.3
            +---------+---------+-------+---------+---------+-------
